 Dungeon Crawl Stone Soup version 0.19-a0-650-gab89c2a (webtiles) character file.

772502 therealpatrickswayze the Conqueror (level 27, -1/323 HPs)
             Began as an Ogre Hunter on June 13, 2016.
             Was the Champion of Hepliaklqana.
             Killed by drain life
             ... invoked by a soul eater
              (9 damage)
             ... in Pandemonium on June 15, 2016.
             The game lasted 04:31:47 (77257 turns).

therealpatrickswayze the Conqueror (Ogre Hunter)   Turns: 77257, Time: 04:31:48

Health: -1/323     AC: 23    Str: 25    XL:     27
Magic:  26/26      EV: 29    Int: 13    God:    Hepliaklqana [******]
Gold:   4097       SH:  0    Dex: 31    Spells: 3 memorised, 21 levels left

rFire  + + +     SeeInvis .     a - +9 giant club (flame)
rCold  . . .     Gourm    .     p - +6 fire dragon armour
rNeg   . . .     Faith    .     (shield currently unavailable)
rPois  .         Spirit   .     M - +2 hat
rElec  .         Dismiss  .     V - +2 cloak {MR+}
rCorr  +         Reflect  .     (gloves unavailable)
SustAt .         Harm     .     (boots unavailable)
MR     +++..                    C - amulet of regeneration
Stlth  +.........               x - ring of Impatience {rCorr *Contam rF+ Int+3 Dex+6}
                                f - ring "Usuonlin" {rC+ Dex+4}

@: about to teleport, extremely resistant to hostile enchantments, very
unstealthy
A: unfitting armour, thin skeletal structure 1, deformed body, low mp 2,
mutation resistance 1, regeneration 1, tough skin 1
a: Hexer: Mass Confusion, Hexer: Englaciation, Recall Ancestor, Ancestor
Identity, Transference, Idealise, Renounce Religion
}: 6/15 runes: serpentine, barnacled, slimy, silver, abyssal, demonic


You were in Pandemonium.
You worshipped Hepliaklqana.
Hepliaklqana was exalted by your worship.
You were not hungry.

You visited 13 branches of the dungeon, and saw 59 of its levels.
You visited Pandemonium 1 time, and saw 9 of its levels.
You visited the Abyss 1 time.
You visited 1 bazaar.
You also visited: Labyrinth, Trove, Sewer and Ice Cave.

You collected 7828 gold pieces.
You spent 3731 gold pieces at shops.


Innate Abilities, Weirdness & Mutations

You are too large for most types of armour.
You have tough skin. (AC +1)
You have a somewhat thin skeletal structure. (Dex +2, Stealth)
Armour fits poorly on your strangely shaped body.
Your magical capacity is very low. (-20% MP)
You are somewhat resistant to further mutation.
Your natural rate of healing is unusually fast.


   Skills:
 O Level 27 Fighting
 - Level 18.1 Maces & Flails
 + Level 26.9 Throwing
 - Level 17.4 Armour
 - Level 21.8 Dodging
 - Level 0.7 Stealth
 - Level 11.9 Invocations
 - Level 13.5 Evocations


You had 21 spell levels left.
You knew the following spells:

 Your Spells              Type           Power        Failure   Level  Hunger
b - Blink                 Tloc           N/A          86%         2    ###....
d - Repel Missiles        Chrm/Air       #.....       86%         2    ###....
R - Summon Butterflies    Summ           #.......     65%         1    ##.....

Inventory:

Hand Weapons
 a - a +9 giant club of flaming (weapon)
 Z - a +7 giant spiked club
Missiles
 c - 108 large rocks (quivered) {=f}
 d - 12 throwing nets {=f}
Armour
 p - a +6 fire dragon armour (worn)
 M - a +2 hat (worn)
 V - a +2 cloak of magic resistance (worn)
Rods
 b - a +9 rod of shadows (17/17) {!a}
 h - a +7 rod of inaccuracy (17/17) {!a}
Jewellery
 f - the ring "Usuonlin" (left hand) {rC+ Dex+4}

   [ring of protection from cold]

   It affects your dexterity (+4).
   It protects you from cold.
 t - an uncursed ring of protection from magic
 x - the ring of Impatience (right hand) {rCorr *Contam rF+ Int+3 Dex+6}

   [ring of resist corrosion]

   It affects your intelligence (+3).
   It affects your dexterity (+6).
   It protects you from fire.
   It causes magical contamination when unequipped.
 C - an amulet of regeneration (around neck)
 L - the ring "Fapar" {+Fly rF+}

   [ring of flight]

   It protects you from fire.
   It lets you fly.
 S - an uncursed ring of see invisible
Wands
 e - a wand of digging (7/24)
 o - a wand of hasting (1/9) {!d@v3}
 y - a wand of teleportation (8/9) {!d@v4}
 B - a wand of paralysis (5/24)
 P - a wand of hasting (4/9) {!d@v3}
 Q - a wand of teleportation (0/9) {!d@v4}
 R - a wand of heal wounds (5/9) {!d@v2}
 Y - a wand of hasting (2/9) {!d@v3}
Scrolls
 k - 6 scrolls of fear
 l - 36 scrolls of remove curse
 m - 3 scrolls of immolation {!r}
 s - 2 scrolls of vulnerability {!r}
 v - 6 scrolls of blinking
 G - 11 scrolls of identify {@r1}
 H - 9 scrolls of magic mapping
 I - 3 scrolls of fog
 K - 2 scrolls of summoning
Potions
 g - 4 potions of invisibility
 i - 10 potions of lignification {!q}
 j - 17 potions of curing {@q1}
 n - 4 potions of resistance
 q - 5 potions of ambrosia
 r - 9 potions of brilliance
 z - 5 potions of heal wounds {@q2}
 A - 5 potions of haste {@q3}
 D - 3 potions of cancellation
 J - a potion of berserk rage {!q}
 N - 10 potions of agility
 W - 7 potions of might
 X - 5 potions of cure mutation
Miscellaneous
 w - a phial of floods
 O - a fan of gales
 T - 4 phantom mirrors
 U - 3 sacks of spiders
Comestibles
 E - 26 bread rations
 F - 7 meat rations

Dungeon Overview and Level Annotations

Branches:
Dungeon (15/15)            Temple (1/1) D:7            Lair (6/6) D:11
 Shoals (4/4) Lair:3        Snake (4/4) Lair:3        Slime (5/5) Lair:6
    Orc (2/2) D:9             Elf (3/3) Orc:2        Vaults (5/5) D:13
  Crypt (3/3) Vaults:3       Tomb (0/3) Crypt:3      Depths (5/5) D:15
   Hell (1/1)                 Dis (0/7) Hell            Geh (0/7) Hell
    Coc (0/7) Hell            Tar (0/7) Hell            Zot (5/5) Depths:5

Altars:
Ashenzari
Cheibriados
Dithmenos
Elyvilon
Fedhas
Gozag
Hepliaklqana
Kikubaaqudgha
Makhleb
Nemelex Xobeh
Okawaru
Pakellas
Qazlal
Ru
Sif Muna
Trog
Uskayaw
Vehumet
Xom
Yredelemnul
Zin
The Shining One
Jiyva

Shops:
D:15 =?=   Orc:2 =*[(   Elf:2 =   Vaults:2 (   Vaults:5 %?!!?%%

Portals:
Hell: Depths:1 Depths:2 Depths:3 Depths:4 Depths:5
Abyss: Depths:4
Pandemonium: Depths:2 Depths:3 Depths:4
Ziggurat: Depths:1

Annotations:
D:10 exclusion: 5 oklob plants
Lair:2 exclusion: 3 oklob plants
Elf:2 5 runed doors

▒ ▒▒ ▒▒▒..▒ ▒... ..
...)▒..▒ ▒..▒ .▒.
.▒.▒..▒▒▒▒▒..▒▒▒▒▒▒▒
.... 2.▒................
....2▒.▒................
....233▒................
▒3R.......)..▒▒▒▒▒▒
3.3.233▒..........▒
....2▒9▒...O......▒ ....
..▒..........▒ .▒.
.▒.▒..........▒ ..
...:▒............ ▒ ▒▒
▒▒▒.........▒▒▒▒
▒▒..▒▒▒▒▒▒▒ ▒..▒ ▒..


You could see the friendly Tochtli the hexer, a soul eater, a hellion, a
tormentor and 2 chaos spawn.


Message History

Tochtli hits the chaos spawn with an antimagic quick blade!
Unknown command.
The tormentor shouts, "Prepare for my thousand needles of pain!"
Tochtli gestures at the chaos spawn while chanting.
The chaos spawn easily resists.
The hellion gestures at you.
The sphere of damnation explodes!
The damnation engulfs you!
* * * LOW HITPOINT WARNING * * *
Something closely misses Tochtli.
The soul eater hits Tochtli!!
The chaos spawn hits Tochtli but does no damage.
Tochtli hits the chaos spawn with an antimagic quick blade!
The hellion gestures at you.
The sphere of damnation explodes!
The damnation engulfs you!
* * * LOW HITPOINT WARNING * * *
Something closely misses Tochtli.
The tormentor says, "I'll show you my torture chamber!"
Tochtli hits the chaos spawn with an antimagic quick blade!
The soul eater hits Tochtli.
The chaos spawn barely misses Tochtli.
You see here a trident.
Evoke which item? (* to show all) (? for menu, Esc to quit)
Zapping:
R - a wand of heal wounds (6/9) {!d@v2}
Press: ? - help, Shift-Dir - straight line, f - you You feel much better.
This wand has 5 charges left.
Tochtli hits the chaos spawn with an antimagic quick blade.
The hellion gestures at you.
The sphere of damnation explodes!
The damnation engulfs you!
* * * LOW HITPOINT WARNING * * *
Something closely misses Tochtli.
The soul eater draws from the surrounding life force!
You die...

Action                   |  1- 3 |  4- 6 |  7- 9 | 10-12 | 13-15 | 16-18 | 19-21 | 22-24 | 25-27 || total
-------------------------+-------+-------+-------+-------+-------+-------+-------+-------+-------++-------
Melee: Mace              |    92 |    71 |       |       |       |       |       |       |       ||   163
       Short sword       |     4 |       |       |       |       |       |       |       |       ||     4
       Flail             |       |   138 |   355 |       |       |       |       |       |       ||   493
       Giant club        |       |       |    92 |   753 |  1387 |  1168 |  1016 |  1410 |  3238 ||  9064
       Unarmed           |       |       |       |     2 |       |       |       |       |       ||     2
       Dire flail        |       |       |       |       |       |     3 |       |       |       ||     3
Throw: Throwing net      |       |     1 |       |     2 |       |       |       |       |       ||     3
       Large rock        |       |    17 |    18 |    12 |    13 |    48 |    13 |    47 |    74 ||   242
       Javelin           |       |       |       |       |       |    20 |    17 |       |       ||    37
Invok: Renounce Religion |       |       |     1 |       |       |       |       |       |       ||     1
       Recall Ancestor   |       |       |       |     5 |    10 |    23 |     9 |     1 |    10 ||    58
       Ancestor Life: He |       |       |       |     1 |       |       |       |       |       ||     1
       Idealise          |       |       |       |       |       |       |     1 |       |     1 ||     2
       Transference      |       |       |       |       |       |       |       |       |     3 ||     3
Evoke: Rod               |       |       |       |       |    10 |    40 |   109 |    51 |    38 ||   248
       Wand              |       |       |       |       |     2 |       |     2 |     6 |    17 ||    27
       Sack of spiders   |       |       |       |       |       |       |     1 |       |       ||     1
  Use: Scroll            |     5 |     1 |     5 |    13 |    27 |    26 |    18 |    22 |    40 ||   157
       Potion            |       |     5 |     4 |     2 |    11 |    21 |     4 |    12 |     4 ||    63
 Stab: Sleeping          |       |     3 |     1 |     1 |     5 |       |       |     5 |     1 ||    16
       Held in net/web   |       |     2 |       |     1 |       |       |       |       |       ||     3
       Distracted        |       |       |       |     3 |    16 |    13 |    24 |    23 |    66 ||   145
       Confused          |       |       |       |     2 |    20 |    17 |     8 |    15 |    46 ||   108
       Petrified         |       |       |       |       |     2 |     1 |       |       |       ||     3
       Paralysed         |       |       |       |       |    12 |    34 |    35 |    33 |   134 ||   248
       Petrifying        |       |       |       |       |       |       |       |       |     1 ||     1
  Eat: Chunk             |     1 |     3 |    12 |     8 |    15 |    19 |    41 |    21 |    17 ||   137
       Bread ration      |       |     1 |       |       |       |       |       |       |       ||     1
       Pizza             |       |     1 |       |     2 |     1 |     2 |     1 |     3 |     2 ||    12
       Fruit             |       |       |     2 |     3 |     1 |     2 |       |     6 |     8 ||    22
       Royal jelly       |       |       |     1 |     1 |     1 |     9 |     6 |     3 |       ||    21
       Beef jerky        |       |       |       |     1 |     3 |     4 |       |     3 |     5 ||    16
       Meat ration       |       |       |       |       |     3 |     1 |       |     2 |    10 ||    16
Armor: Robe              |    28 |    39 |    59 |       |       |       |       |       |       ||   126
       Troll leather arm |       |       |     8 |   197 |   321 |   406 |   269 |   236 |   113 ||  1550
       Skin              |       |       |       |       |       |       |       |    29 |       ||    29
       Fire dragon armou |       |       |       |       |       |       |       |       |   837 ||   837
Dodge: Dodged            |    56 |   100 |   152 |   431 |   913 |  1084 |   859 |  1093 |  3889 ||  8577

Vault maps used:
D:1:      dpeg_arrival_tiny_c
D:2:      kennysheep_generic_room_12, uniq_terence
D:3:      kennysheep_the_goblin_king, nicolae_overflow_crystal_walls,
          ecumenical_altar_2
D:4:      yredelemnul_altar_generic, gup_sewer_entry_spiral,
          serial_co_window_serial, co_window_paths_a, co_window_paths_a,
          co_window_of_opportunity_a, co_window_paths_a,
          co_window_of_opportunity_a, co_window_of_opportunity_b,
          co_window_2corner, co_window_paths_c, co_window_corner_b,
          co_window_sun, co_window_paths_d
D:5:      eat_drink_and_be_merry_uskayaw, okawaru_gym_becter, first_bread,
          kennysheep_another_room, uniq_duvessa, uniq_menkaure
D:6:      kennysheep_little_box, nemelex_xobeh_ov_fountains_minmay,
          serial_glass, glass_columns_a, glass_columns_b, item_on_display_a,
          minmay_strange_pillars
D:7:      nicolae_ru_sacrificial_ziggurat, lemuel_round_altar,
          minmay_temple_entry_statues_fountains
D:8:      hangedman_pestilent_swarm, nrook_uturn, nemelex_spade_bored_becter
D:9:      lemuel_mausoleum_altar_kikubaaqudgha, lemuel_doored_altar, basic_altar
D:10:     uniq_harold, uniq_maurice
D:11:     grunt_lair_entry_orc_guard_hut, elves_outpost_lemuel, uniq_erolcha
D:13:     grunt_vaults_entry_tiered
D:14:     uniq_frances
D:15:     hangedman_depths_entry_civil_slaughter, minmay_door_square,
          serial_shops, nicolae_shop_window_shopping, nicolae_shop_stone, shop
Temple:   circular_temple_12
Lair:1:   uniq_gastronok, uniq_grum
Lair:2:   serial_bayou_shore_a, grunt_megastairs_5
Lair:3:   elwin_shoals_entry_stream, guppyfry_snake_entry_garden,
          lab_entry_generic, portal_ice_cave_rime, infiniplex_staircase_pool_2
Lair:4:   uniq_rupert, uniq_nessos
Lair:5:   boulder_quad_collide, lemuel_fruit_fields
Lair:6:   hangedman_lair_in_review, minmay_slime_entry_pillars
Shoals:3: serial_shops, statue_bzr
Shoals:4: shoals_end_grunt_garden, shoals_ilsuiw_ice,
          nicolae_shoals_water_shrine
Snake:1:  hangedman_feature_mirror
Snake:2:  serial_bayou_shore_b, uniq_aizul
Snake:3:  basic_altar
Snake:4:  snake_pit, spider_trap, uniq_mara, uniq_jorgrun, uniq_saint_roka
Slime:3:  nicolae_slime_barrier, cheibrodos_slime_lost_civilization_5,
          uniq_donald
Slime:4:  cheibrodos_slime_lost_civilization_6
Orc:2:    grunt_orc_gardens, grunt_orc_garden, grunt_orc_garden,
          grunt_orc_garden, grunt_orc_garden
Elf:1:    elf_arrival_002, minmay_elf_crystal_hexagon, uniq_roxanne
Elf:2:    serial_shops, shop, grunt_megastairs_1, uniq_agnes
Elf:3:    minmay_elf_hall_hex
Vaults:1: v_misc_19, v_misc_24, nicolae_vaults_diagonal_hallway_8, st_cross,
          nicolae_vaults_angled_halls, hangedman_vaults_slice,
          grunt_vaults_focal, ontoclasm_vaults_ring_square,
          nicolae_vaults_border_crossing, nicolae_vaults_little_squares_3,
          vaults_room_pools, vaults_room_boxed, vaults_room_pools,
          vaults_dpeg_ring, nicolae_trove_entry_free_sample
Vaults:2: vaults_room_hangedman_quadrants, nicolae_vaults_sealed_display,
          hangedman_vaults_river_flow, hangedman_vaults_stagger,
          nicolae_vaults_puzzle_piece, v_misc_10, v_misc_19,
          hangedman_vaults_stretched_pinwheel, vaults_room_door_ring,
          vaults_room_semicircle, vaults_room_fours, serial_shops, shop
Vaults:3: vaults_mumra_minichess, minmay_crypt_entry_simple_plaza,
          nicolae_vaults_big_angled_halls, vaults_dpeg_doors,
          nicolae_vaults_circle_grid_a, st_diamondy, ontoclasm_vaults_ligature
Vaults:4: vaults_mumra_bighexcomb, vaults_mumra_minichess_inversion,
          vaults_dpeg_cross, v_pattern_3, hangedman_vaults_maws,
          vaults_room_door_hall, v_misc_28, v_rooms_1, vaults_room_large_hall,
          ontoclasm_vaults_misaligned, ontoclasm_vaults_pinch
Crypt:1:  basic_altar, minicrypt_bobbens, roderic_lattice_octagonal_star,
          grunt_crypt_arrival_webbed, uniq_wiglaf
Crypt:2:  weyrava_vampire_temple
Crypt:3:  lightli_unholy_cathedral, grunt_ministairs_4
Depths:1: enter_ziggurat_e, nicolae_water_bricks, lightli_too_deep,
          moated_statue, nrook_mini_backslash, patterned_corridor,
          grunt_megastairs_4, kennysheep_random_hallway, firewood_loft,
          serial_bayou_shore_b, serial_bayou_shore_b, uniq_bai_suzhen
Depths:2: hangedman_cross_veins, rand_demon_pan_entry_5, pf_coc_iceberg,
          serial_sigils, serial_sigils_hangedman_leer,
          serial_sigils_hangedman_stare, serial_sigils_hangedman_clutch,
          serial_sigils_hangedman_scratch, serial_sigils_hangedman_snap,
          serial_sigils_hangedman_gnaw, kennysheep_inner_square,
          infiniplex_staircase_door_maze
Depths:3: minmay_bad_star, grunt_hell_entry_dis_mu, rand_demon_pan_entry_3,
          minmay_misc_feat_five, infiniplex_staircase_river, uniq_boris
Depths:4: hangedman_six_sided_sadism, hangedman_decor_slide_cut,
          grunt_pan_entry_zigzag, pf_hell_entry_tar_river, abyss_entry,
          minmay_staircase_statues, uniq_margery, uniq_xtahua, uniq_mennas,
          uniq_sojobo
Depths:5: evilmike_zot_entry_gauntlet, hell_entry, roderic_lattice_a
Zot:3:    lemuel_firehouse, zot_minivault_2
Zot:4:    hangedman_snake_sidewinding
Zot:5:    st_stairs_3, grunt_ministairs_1
Abyss:2:  minivault_11
Abyss:3:  evilmike_abyss_rune_siren_acolytes, evilmike_abyss_exit_8
Pan:      grunt_pan_in_and_out, evilmike_mini_pan_diamond, grunt_pan_sceptre,
          pan_blood_fountain, grunt_pan_pentagram, nicolae_pan_sigil_uleosi,
          nicolae_pan_double_arrow, nicolae_pan_sigil_eeng, grunt_pan_sceptre,
          pan_blood_fountain_small, pan_blood_fountain, grunt_pan_frozen_over,
          grunt_pan_zigzag, evilmike_mini_pan_pillars,
          nicolae_pan_gloorx_vloqian_2
Lab:      labyrinth_spiral, nicolae_lab_grate
Bazaar:   bazaar_minmay_generic_island
Trove:    trove_wands_scrolls
Sewer:    sewer_co_15_rooms
IceCv:    ice_cave_small_necro

Notes
Turn   | Place    | Note
--------------------------------------------------------------
     0 | D:1      | therealpatrickswayze the Ogre Hunter began the quest for the Orb.
     0 | D:1      | Reached XP level 1. HP: 22/22 MP: 1/1
    72 | D:1      | Reached skill level 2 in Maces & Flails
    72 | D:1      | Reached XP level 2. HP: 21/29 MP: 2/2
   284 | D:1      | Reached skill level 3 in Maces & Flails
   489 | D:1      | Reached XP level 3. HP: 32/36 MP: 3/3
   918 | D:1      | Reached skill level 4 in Maces & Flails
  1355 | D:2      | Reached XP level 4. HP: 44/44 MP: 4/4
  1715 | D:2      | Noticed Terence
  1730 | D:2      | Killed Terence
  1730 | D:2      | Reached skill level 5 in Maces & Flails
  2266 | D:3      | Found a white marble altar of Elyvilon.
  2343 | D:3      | Reached XP level 5. HP: 49/50 MP: 5/5
  2361 | D:3      | Reached skill level 6 in Maces & Flails
  2503 | D:3      | Noticed therealpatrickswayze's ghost (amateur OgHu)
  2781 | D:3      | Found a faded altar of an unknown god.
  3252 | D:3      | Killed therealpatrickswayze's ghost
  3252 | D:3      | Reached skill level 7 in Maces & Flails
  3252 | D:3      | Reached XP level 6. HP: 25/59 MP: 6/6
  3442 | D:4      | Reached skill level 8 in Maces & Flails
  3619 | D:4      | Found a glowing drain.
  3623 | Sewer    | Entered a sewer
  3842 | Sewer    | Reached skill level 9 in Maces & Flails
  3842 | Sewer    | Reached XP level 7. HP: 65/66 MP: 7/7
  4043 | Sewer    | Reached skill level 10 in Maces & Flails
  4889 | D:4      | Found a basalt altar of Yredelemnul.
  4928 | D:4      | Reached skill level 11 in Maces & Flails
  5104 | D:4      | Reached XP level 8. HP: 61/74 MP: 8/8
  5403 | D:5      | Entered Level 5 of the Dungeon
  5471 | D:5      | Found a hide-covered altar of Uskayaw.
  5472 | D:5      | Noticed Duvessa
  5473 | D:5      | Noticed Dowan
  5785 | D:5      | Noticed Menkaure
  5799 | D:5      | Killed Menkaure
  5799 | D:5      | Reached skill level 12 in Maces & Flails
  6054 | D:5      | Found an iron altar of Okawaru.
  6181 | D:5      | Killed Dowan
  6339 | D:5      | Killed Duvessa
  6339 | D:5      | Reached skill level 13 in Maces & Flails
  6983 | D:6      | Reached XP level 9. HP: 72/80 MP: 9/9
  6987 | D:6      | Found a sparkling altar of Nemelex Xobeh.
  7085 | D:6      | Reached skill level 14 in Maces & Flails
  7191 | D:6      | Found a blossoming altar of Fedhas.
  7500 | D:7      | Reached skill level 15 in Maces & Flails
  7651 | D:7      | Noticed a troll
  7654 | D:7      | Killed a troll
  7681 | D:7      | Found a shattered altar of Ashenzari.
  7760 | D:7      | Found a sacrificial altar of Ru.
  7842 | D:7      | Reached skill level 16 in Maces & Flails
  8004 | D:7      | Found a staircase to the Ecumenical Temple.
  8235 | Temple   | Entered the Ecumenical Temple
  8361 | D:3      | Became a worshipper of Fedhas Madash
  8361 | D:3      | Reached * piety under Fedhas
  8368 | D:3      | Fell from the grace of Fedhas
  8572 | D:8      | Reached XP level 10. HP: 37/88 MP: 10/10
  8650 | D:8      | Found a sparkling altar of Nemelex Xobeh.
  8890 | D:8      | Reached skill level 17 in Maces & Flails
  9504 | D:9      | Found a hazy altar of Hepliaklqana.
  9520 | D:9      | Found a hide-covered altar of Uskayaw.
  9564 | D:9      | Became a worshipper of Hepliaklqana
  9682 | D:9      | Found a staircase to the Orcish Mines.
  9915 | D:9      | Reached skill level 18 in Maces & Flails
  9957 | D:9      | Reached skill level 2 in Dodging
 10056 | D:9      | Reached skill level 3 in Dodging
 10078 | D:9      | Reached skill level 4 in Dodging
 10095 | D:9      | Reached skill level 5 in Dodging
 10263 | D:9      | Reached XP level 11. HP: 82/96 MP: 11/11
 10279 | D:9      | Found an ancient bone altar of Kikubaaqudgha.
 10430 | D:9      | Reached skill level 6 in Dodging
 10578 | D:10     | Entered Level 10 of the Dungeon
 10740 | D:10     | Noticed Harold
 10756 | D:10     | Killed Harold
 10756 | D:10     | Reached skill level 7 in Dodging
 10809 | D:10     | Noticed Maurice
 10823 | D:10     | Killed Maurice
 10943 | D:10     | Reached * piety under Hepliaklqana
 11088 | D:11     | Noticed a red ugly thing
 11147 | D:11     | Noticed a deep elf mage
 11151 | D:11     | Noticed a deep elf mage
 11255 | D:11     | Noticed a deep elf mage
 11258 | D:11     | Killed a red ugly thing
 11258 | D:11     | Reached skill level 8 in Dodging
 11275 | D:11     | Killed a deep elf mage
 11284 | D:11     | Found a staircase to the Lair.
 11341 | D:11     | Noticed a deep elf mage
 11363 | D:10     | Noticed an oklob plant
 11363 | D:10     | Noticed an oklob plant
 11363 | D:10     | Noticed an oklob plant
 11363 | D:10     | Noticed an oklob plant
 11363 | D:10     | Noticed an oklob plant
 11374 | D:11     | Killed a deep elf mage
 11374 | D:11     | Reached skill level 9 in Dodging
 11487 | D:11     | Noticed a deep elf mage
 11503 | D:11     | Killed a deep elf mage
 11520 | D:11     | Killed a deep elf mage
 11794 | D:11     | Noticed a deep elf mage
 11800 | D:11     | Killed a deep elf mage
 11800 | D:11     | Reached skill level 1 in Armour
 11803 | D:11     | Reached skill level 2 in Armour
 11827 | D:11     | Got a sheer robe
 11828 | D:11     | Identified the +0 robe of Evolution {MR+ Int+4} (You found it on level 11 of the Dungeon)
 11857 | D:11     | Noticed a deep elf mage
 11869 | D:11     | Killed a deep elf mage
 11869 | D:11     | Reached skill level 3 in Armour
 11869 | D:11     | Reached XP level 12. HP: 81/104 MP: 12/12
 12136 | D:11     | Reached skill level 4 in Armour
 12318 | D:11     | Reached skill level 5 in Armour
 12329 | Lair:1   | Entered Level 1 of the Lair of Beasts
 12391 | Lair:1   | Reached ** piety under Hepliaklqana
 12587 | D:11     | Reached skill level 6 in Armour
 12703 | Lair:1   | Reached skill level 10 in Dodging
 12851 | Lair:1   | Noticed Grum
 12874 | Lair:1   | Killed Grum
 12976 | Lair:1   | Noticed Gastronok
 13043 | Lair:1   | Killed Gastronok
 13043 | Lair:1   | Reached skill level 11 in Dodging
 13567 | Lair:2   | Remembered your ancestor Tochtli as a hexer
 13700 | Lair:2   | Noticed a four-headed hydra
 13712 | Lair:2   | Killed a four-headed hydra
 13712 | Lair:2   | Reached skill level 12 in Dodging
 13712 | Lair:2   | Reached XP level 13. HP: 78/110 MP: 13/13
 14122 | Lair:2   | Reached *** piety under Hepliaklqana
 14264 | Lair:2   | Was forgiven by Fedhas
 14476 | Lair:3   | Found a labyrinth entrance.
 14485 | Lab      | Entered a labyrinth
 14615 | Lab      | Noticed a minotaur
 14623 | Lab      | Killed a minotaur
 14634 | Lab      | Got a clouded lapis lazuli ring
 14634 | Lab      | Identified Botiedoe's Handbook of Icy Boosts
 14636 | Lab      | Identified the ring "Fapar" {+Fly rF+} (You found it in a labyrinth)
 14687 | Lair:3   | Found a frozen archway.
 14699 | IceCv    | Entered an ice cave
 14782 | IceCv    | Reached skill level 13 in Dodging
 14950 | IceCv    | Found an ancient bone altar of Kikubaaqudgha.
 15673 | Lair:3   | Found a staircase to the Shoals.
 15807 | Lair:3   | Found a staircase to the Snake Pit.
 15937 | Lair:3   | Reached **** piety under Hepliaklqana
 15986 | Lair:3   | Reached skill level 14 in Dodging
 16578 | Lair:4   | Noticed Rupert
 16585 | Lair:4   | Paralysed by Rupert for 6 turns
 16695 | Lair:4   | Noticed Nessos
 16893 | Lair:4   | Killed Rupert
 17115 | Lair:3   | Reached XP level 14. HP: 118/118 MP: 14/14
 17227 | Lair:3   | Reached skill level 15 in Dodging
 17254 | Lair:4   | Killed Nessos
 17609 | Lair:5   | Noticed SataraUzumaki's ghost (journeyman SpEn)
 17847 | Lair:5   | Identified a wand of teleportation
 18069 | Lair:5   | Killed SataraUzumaki's ghost
 18436 | Lair:6   | Entered Level 6 of the Lair of Beasts
 18538 | Lair:6   | Reached ***** piety under Hepliaklqana
 18640 | Lair:6   | Reached skill level 16 in Dodging
 18801 | Lair:6   | Found a staircase to the Slime Pits.
 18882 | Lair:5   | Reached skill level 3 in Fighting
 19051 | Lair:6   | Reached skill level 4 in Fighting
 19141 | Lair:6   | Reached skill level 5 in Fighting
 19285 | Lair:6   | Reached skill level 6 in Fighting
 19395 | Lair:6   | Reached skill level 7 in Fighting
 19469 | Lair:6   | Reached skill level 8 in Fighting
 19643 | Lair:6   | Reached skill level 9 in Fighting
 19869 | Lair:6   | Reached skill level 10 in Fighting
 19872 | Lair:6   | Reached XP level 15. HP: 112/149 MP: 15/15
 20241 | Orc:1    | Entered Level 1 of the Orcish Mines
 20382 | Orc:2    | Entered Level 2 of the Orcish Mines
 20382 | Orc:2    | Found Janwups's Jewellery Shoppe.
 20589 | Orc:1    | Reached skill level 11 in Fighting
 20905 | Orc:2    | Bought a +1 ring of slaying for 90 gold pieces
 20905 | Orc:2    | Bought a +5 ring of protection for 825 gold pieces
 21002 | Orc:2    | Noticed an orc warlord
 21003 | Orc:2    | Found Punecubu's Antique Armour Shop.
 21158 | Orc:2    | Killed an orc warlord
 21158 | Orc:2    | Reached skill level 12 in Fighting
 21317 | Orc:2    | Found Pehesuun's Antique Weapon Boutique.
 21430 | Orc:2    | Found Ucuts's General Store.
 21438 | Orc:2    | Bought a scroll of identify for 26 gold pieces
 21438 | Orc:2    | Bought a scroll of teleportation for 39 gold pieces
 21438 | Orc:2    | Bought a scroll of identify for 26 gold pieces
 21442 | Orc:2    | Found a staircase to the Elven Halls.
 21448 | Orc:2    | Noticed an orc warlord
 21471 | Orc:2    | Reached skill level 1 in Invocations
 21478 | Orc:2    | Gained mutation: Your spells are a little easier to cast, but a little less powerful. [a neqoxec]
 21701 | Orc:1    | Killed an orc warlord
 21701 | Orc:1    | Reached skill level 2 in Invocations
 21845 | Orc:2    | Reached skill level 3 in Invocations
 22156 | D:12     | Reached skill level 4 in Invocations
 22317 | D:12     | Reached skill level 5 in Invocations
 22937 | D:13     | Identified 2 potions of resistance
 23070 | D:13     | Reached skill level 6 in Invocations
 23122 | D:13     | Reached ****** piety under Hepliaklqana
 23351 | D:13     | Reached skill level 7 in Invocations
 23460 | D:13     | Found a gate to the Vaults.
 23477 | D:13     | Reached skill level 8 in Invocations
 24006 | D:14     | Reached skill level 9 in Invocations
 24052 | D:14     | Noticed Frances
 24064 | D:14     | Killed Frances
 24245 | D:14     | Reached skill level 10 in Invocations
 24245 | D:14     | Reached XP level 16. HP: 167/167 MP: 23/23
 24914 | D:15     | Entered Level 15 of the Dungeon
 25192 | D:15     | Reached skill level 11 in Invocations
 25435 | D:15     | Reached skill level 5 in Throwing
 25600 | D:15     | Found Luduty's Magic Scroll Emporium.
 25608 | D:15     | Bought a scroll of brand weapon for 340 gold pieces
 25608 | D:15     | Bought a scroll of teleportation for 51 gold pieces
 25608 | D:15     | Bought a scroll of identify for 34 gold pieces
 25608 | D:15     | Bought a scroll of identify for 34 gold pieces
 25608 | D:15     | Bought a scroll of identify for 34 gold pieces
 25608 | D:15     | Bought a scroll of teleportation for 51 gold pieces
 25608 | D:15     | Bought a scroll of identify for 34 gold pieces
 25608 | D:15     | Bought a scroll of identify for 34 gold pieces
 25608 | D:15     | Bought a scroll of teleportation for 51 gold pieces
 25608 | D:15     | Bought a scroll of magic mapping for 59 gold pieces
 25637 | D:15     | Found a staircase to the Depths.
 25724 | D:15     | Found Totwaoff's Jewellery Shoppe.
 25824 | D:15     | Found Epuer's Jewellery Shop.
 25841 | D:15     | Reached skill level 6 in Throwing
 26138 | Snake:1  | Entered Level 1 of the Snake Pit
 26365 | Snake:1  | Reached skill level 7 in Throwing
 26730 | Snake:1  | Found an iron altar of Okawaru.
 27291 | Snake:1  | Reached skill level 1 in Evocations
 27332 | Snake:1  | Found an iron altar of Okawaru.
 27609 | Snake:2  | Noticed Aizul
 27612 | Snake:2  | Reached skill level 2 in Evocations
 27648 | Snake:1  | Killed Aizul
 27648 | Snake:1  | Reached skill level 3 in Evocations
 27855 | Snake:2  | Reached skill level 4 in Evocations
 28053 | Snake:2  | Reached skill level 5 in Evocations
 28077 | Snake:2  | Got a crude dire flail
 28078 | Snake:2  | Identified the +8 dire flail of World Downfall {drain, Str+4} (You found it on level 2 of the Snake Pit)
 28333 | Snake:2  | Reached XP level 17. HP: 149/175 MP: 25/25
 28352 | Snake:2  | Reached skill level 6 in Evocations
 28687 | Snake:3  | Found a glowing silver altar of Zin.
 28692 | Snake:3  | Reached skill level 7 in Evocations
 29163 | Snake:3  | Reached skill level 8 in Evocations
 29235 | Snake:4  | Entered Level 4 of the Snake Pit
 29758 | Snake:4  | Noticed Mara
 29761 | Snake:4  | Noticed therealpatrickswayze's illusion
 30300 | Snake:4  | Noticed therealpatrickswayze's illusion
 30473 | Snake:4  | Noticed therealpatrickswayze's illusion
 30553 | Snake:4  | Noticed therealpatrickswayze's illusion
 30559 | Snake:3  | Noticed therealpatrickswayze's illusion
 30721 | Snake:3  | Noticed therealpatrickswayze's illusion
 30970 | Snake:2  | Reached skill level 9 in Evocations
 31083 | Snake:3  | Noticed therealpatrickswayze's illusion
 31096 | Snake:2  | Noticed therealpatrickswayze's illusion
 31204 | Snake:2  | Noticed therealpatrickswayze's illusion
 31205 | Snake:2  | Killed Mara
 31298 | Snake:4  | Noticed Saint Roka
 31733 | Snake:4  | Killed Saint Roka
 31733 | Snake:4  | Reached skill level 10 in Evocations
 32285 | Snake:4  | Noticed Jorgrun
 32582 | Snake:3  | Reached skill level 11 in Evocations
 32966 | Snake:4  | Killed Jorgrun
 32966 | Snake:4  | Reached skill level 13 in Fighting
 32966 | Snake:4  | Reached XP level 18. HP: 38/185 MP: 26/26
 33373 | Snake:4  | Reached skill level 14 in Fighting
 33644 | Snake:4  | Reached skill level 15 in Fighting
 34050 | Snake:4  | Got a serpentine rune of Zot
 34269 | Snake:3  | Reached skill level 16 in Fighting
 34445 | Shoals:1 | Entered Level 1 of the Shoals
 34453 | Shoals:1 | Identified a wand of heal wounds
 35314 | Shoals:2 | Learned a level 2 spell: Repel Missiles
 35316 | Shoals:2 | Learned a level 1 spell: Summon Butterflies
 35319 | Shoals:2 | Learned a level 2 spell: Blink
 35384 | Shoals:2 | Reached skill level 17 in Fighting
 35445 | Shoals:2 | Noticed Etesian's ghost (adept CeFi)
 35461 | Shoals:2 | Killed Etesian's ghost
 35523 | Shoals:2 | Identified Sif Muna's Papyrus of Earthen Dislocation
 36158 | Shoals:3 | Reached skill level 18 in Fighting
 36318 | Shoals:3 | Noticed SataraUzumaki's ghost (journeyman MiBe)
 36335 | Shoals:3 | Killed SataraUzumaki's ghost
 36338 | Shoals:3 | Found a gateway to a bazaar.
 36345 | Bazaar   | Entered a bazaar
 36345 | Bazaar   | Found Hogu's Antique Weapon Boutique.
 36345 | Bazaar   | Found Heijag's General Store.
 36345 | Bazaar   | Found Jameveco's Distillery.
 36347 | Bazaar   | Found Nulaofukk's Book Emporium.
 36347 | Bazaar   | Found Eklo Waar's Antique Weapon Shop.
 36402 | Bazaar   | Bought a potion of heal wounds for 45 gold pieces
 36402 | Bazaar   | Bought 2 potions of curing for 54 gold pieces
 36402 | Bazaar   | Bought a potion of brilliance for 36 gold pieces
 36402 | Bazaar   | Bought a potion of might for 36 gold pieces
 36402 | Bazaar   | Bought a potion of agility for 36 gold pieces
 36402 | Bazaar   | Bought a potion of curing for 27 gold pieces
 36402 | Bazaar   | Bought a potion of mutation for 22 gold pieces
 36402 | Bazaar   | Bought a potion of curing for 27 gold pieces
 36403 | Bazaar   | Gained mutation: Your body sometimes deteriorates upon taking damage. [potion of mutation]
 36403 | Bazaar   | Gained mutation: Armour fits poorly on your strangely shaped body. [potion of mutation]
 36405 | Bazaar   | Gained mutation: Your magical capacity is low. (-10% MP) [potion of mutation]
 36405 | Bazaar   | Lost mutation: Your spells are a little easier to cast, but a little less powerful. [potion of mutation]
 36405 | Bazaar   | Gained mutation: You are clumsy. (Dex -2) [potion of mutation]
 36406 | Bazaar   | Gained mutation: Your magical capacity is very low. (-20% MP) [potion of mutation]
 36406 | Bazaar   | Gained mutation: You are frail. (-10% HP) [potion of mutation]
 36406 | Bazaar   | Gained mutation: You are very frail. (-20% HP) [potion of mutation]
 36407 | Bazaar   | Gained mutation: Scrolls take you a little longer to read. [potion of mutation]
 36407 | Bazaar   | Gained mutation: You occasionally shout uncontrollably at your foes. [potion of mutation]
 36408 | Bazaar   | Lost mutation: Your body sometimes deteriorates upon taking damage. [potion of cure mutation]
 36408 | Bazaar   | Lost mutation: You are clumsy. (Dex -2) [potion of cure mutation]
 36408 | Bazaar   | Lost mutation: Armour fits poorly on your strangely shaped body. [potion of cure mutation]
 36408 | Bazaar   | Lost mutation: You are very frail. (-20% HP) [potion of cure mutation]
 36409 | Bazaar   | Lost mutation: You occasionally shout uncontrollably at your foes. [potion of cure mutation]
 36409 | Bazaar   | Lost mutation: Scrolls take you a little longer to read. [potion of cure mutation]
 36409 | Bazaar   | Lost mutation: You are frail. (-10% HP) [potion of cure mutation]
 36565 | Shoals:4 | Entered Level 4 of the Shoals
 36749 | Shoals:4 | Reached XP level 19. HP: 176/213 MP: 22/22
 37077 | Shoals:4 | Reached skill level 19 in Fighting
 37143 | Shoals:4 | Noticed Ilsuiw
 37844 | Shoals:4 | Killed Ilsuiw
 37858 | Shoals:4 | Reached skill level 20 in Fighting
 38135 | Shoals:4 | Got a barnacled rune of Zot
 38391 | Vaults:1 | Entered Level 1 of the Vaults
 38441 | Vaults:1 | You fall through a shaft!
 38485 | Vaults:2 | Found Lohof's Weapon Shoppe.
 38962 | Vaults:2 | Reached skill level 17 in Dodging
 40576 | Vaults:3 | Reached skill level 18 in Dodging
 40606 | Vaults:3 | Reached XP level 20. HP: 214/228 MP: 23/23
 41425 | Vaults:3 | Found a staircase to the Crypt.
 41946 | Vaults:4 | Reached skill level 19 in Dodging
 42894 | Vaults:4 | Reached skill level 20 in Dodging
 43264 | Vaults:4 | Reached XP level 21. HP: 229/237 MP: 23/23
 43676 | Vaults:5 | Entered Level 5 of the Vaults
 43701 | Vaults:5 | Reached skill level 21 in Dodging
 44132 | Vaults:5 | Noticed a golden dragon
 44132 | Vaults:5 | a shadow dragon changed into a golden dragon
 44142 | Vaults:5 | Killed a golden dragon
 44564 | Vaults:5 | Reached skill level 8 in Throwing
 44687 | Vaults:5 | Reached skill level 9 in Throwing
 44870 | Vaults:5 | Reached XP level 22. HP: 246/247 MP: 24/24
 44884 | Vaults:5 | Reached skill level 10 in Throwing
 45262 | Vaults:5 | Got a silver rune of Zot
 45348 | Vaults:5 | Reached skill level 11 in Throwing
 45351 | Vaults:5 | Noticed a golden dragon
 45481 | Vaults:5 | Found Ybeatt's Food Emporium.
 45481 | Vaults:5 | Found Xocoim's Food Shop.
 45495 | Vaults:5 | Noticed an ancient lich
 45509 | Vaults:5 | Killed an ancient lich
 45512 | Vaults:5 | Reached skill level 12 in Throwing
 45683 | Vaults:5 | Killed a golden dragon
 45888 | Vaults:5 | Found Yxuerir's Distillery.
 45888 | Vaults:5 | Found Ythealyn's Magic Scroll Shoppe.
 45914 | Vaults:5 | Bought a potion of heal wounds for 70 gold pieces
 45914 | Vaults:5 | Bought 2 potions of might for 112 gold pieces
 45914 | Vaults:5 | Bought 2 potions of agility for 112 gold pieces
 45914 | Vaults:5 | Bought a potion of agility for 56 gold pieces
 45914 | Vaults:5 | Bought a potion of haste for 140 gold pieces
 45914 | Vaults:5 | Bought a potion of cure mutation for 350 gold pieces
 45925 | Vaults:5 | Found Yduogre's Magic Scroll Boutique.
 45925 | Vaults:5 | Found Vuxon's Food Emporium.
 45928 | Vaults:5 | Found Wipto's Distillery.
 45936 | Vaults:5 | Bought a potion of might for 76 gold pieces
 45936 | Vaults:5 | Bought a potion of curing for 57 gold pieces
 45936 | Vaults:5 | Bought a potion of curing for 57 gold pieces
 45936 | Vaults:5 | Bought a potion of agility for 76 gold pieces
 45953 | Vaults:5 | Reached skill level 13 in Throwing
 46041 | Vaults:5 | Gained mutation: Your natural rate of healing is unusually fast. [potion of mutation]
 46041 | Vaults:5 | Gained mutation: You are somewhat resistant to further mutation. [potion of mutation]
 46193 | Vaults:5 | Reached skill level 14 in Throwing
 46647 | Vaults:5 | Identified a wand of hasting (You found it on level 5 of the Vaults)
 47200 | Vaults:1 | Upgraded the game from 0.19-a0-627-g7ac35de to 0.19-a0-650-gab89c2a
 47224 | Vaults:1 | Reached skill level 15 in Throwing
 47244 | Vaults:1 | Reached XP level 23. HP: 254/254 MP: 25/25
 47644 | Vaults:1 | Found a portal to a secret trove of treasure.
 48023 | Elf:1    | Entered Level 1 of the Elven Halls
 48287 | Elf:1    | Noticed Roxanne
 48302 | Elf:1    | Killed Roxanne
 48410 | Elf:1    | Reached skill level 12 in Evocations
 48682 | Elf:1    | Gained mutation: You have a somewhat thin skeletal structure. (Dex +2, Stealth) [potion of mutation]
 49022 | Elf:2    | Found Zikucsig's Jewellery Emporium.
 49051 | Elf:2    | Bought the ring of Impatience {rCorr *Contam rF+ Int+3 Dex+6} for 614 gold pieces
 49362 | Elf:2    | Found a huge runed gate.
 49362 | Elf:2    | Found a huge runed gate.
 49362 | Elf:2    | Found a huge runed gate.
 49363 | Elf:2    | Found a huge runed gate.
 49366 | Elf:2    | Found a huge runed gate.
 49545 | Elf:2    | Reached skill level 13 in Evocations
 49708 | Elf:3    | Entered Level 3 of the Elven Halls
 49767 | Elf:3    | Identified a scroll of acquirement
 49774 | Elf:3    | Identified a +1 ice dragon armour (You acquired it on level 3 of the Elven Halls)
 50267 | Elf:3    | Reached skill level 16 in Throwing
 50447 | Elf:3    | Paralysed by an orc sorcerer for 7 turns
 50690 | Elf:3    | Reached XP level 24. HP: 201/265 MP: 26/26
 50714 | Elf:3    | Reached skill level 17 in Throwing
 50966 | Elf:3    | Got a vibrating gossamer ring
 50967 | Elf:3    | Identified the ring "Usuonlin" {rC+ Dex+4} (You found it on level 3 of the Elven Halls)
 51006 | Elf:3    | Identified the Handbook of Intoxication and Fire (You found it on level 3 of the Elven Halls)
 51777 | Crypt:1  | Entered Level 1 of the Crypt
 51976 | Crypt:1  | Found an ancient bone altar of Kikubaaqudgha.
 52136 | Crypt:1  | Noticed Wiglaf
 52152 | Crypt:1  | Killed Wiglaf
 52382 | Crypt:1  | Reached skill level 18 in Throwing
 53353 | Crypt:2  | Reached skill level 19 in Throwing
 53500 | Crypt:2  | Found a basalt altar of Yredelemnul.
 53769 | Crypt:3  | Entered Level 3 of the Crypt
 53952 | Crypt:3  | Found a staircase to the Tomb.
 54462 | Crypt:3  | Reached skill level 21 in Fighting
 54718 | Crypt:3  | Reached XP level 25. HP: 239/280 MP: 26/26
 54747 | Crypt:3  | Found a basalt altar of Yredelemnul.
 54773 | Crypt:3  | Reached skill level 22 in Fighting
 54777 | Crypt:3  | Found an ancient bone altar of Kikubaaqudgha.
 55388 | Depths:1 | Entered Level 1 of the Depths
 55679 | Depths:1 | Reached skill level 23 in Fighting
 55979 | Depths:1 | Found a gateway to Hell.
 56155 | Depths:1 | Noticed Bai Suzhen
 56174 | Depths:1 | Killed Bai Suzhen
 56385 | Depths:1 | Found a gateway to a ziggurat.
 56716 | Depths:2 | Reached skill level 24 in Fighting
 57465 | Depths:2 | Reached skill level 25 in Fighting
 57760 | Depths:2 | Found a one-way gate leading to the halls of Pandemonium.
 57946 | Depths:2 | Paralysed by a great orb of eyes for 2 turns
 57975 | Depths:2 | Reached XP level 26. HP: 278/308 MP: 26/26
 58254 | Depths:2 | Reached skill level 26 in Fighting
 59003 | Depths:3 | Noticed Boris
 59015 | Depths:3 | Killed Boris
 59420 | Depths:4 | Found a one-way gate to the infinite horrors of the Abyss.
 59496 | Depths:4 | Paralysed by a giant eyeball for 3 turns
 59538 | Depths:3 | Reached skill level 27 in Fighting
 59868 | Vaults:2 | Identified a +3 fire dragon armour (You found it on level 4 of the Depths)
 60871 | Depths:4 | Reached skill level 7 in Armour
 60963 | Depths:4 | Noticed Sojobo
 61186 | Depths:4 | Killed Sojobo
 61186 | Depths:4 | Reached skill level 8 in Armour
 61472 | Depths:4 | Reached skill level 9 in Armour
 61562 | Depths:4 | Noticed Margery
 61578 | Depths:4 | Killed Margery
 61730 | Depths:4 | Noticed Xtahua
 61740 | Depths:4 | Killed Xtahua
 61802 | Depths:4 | Reached skill level 10 in Armour
 62067 | Depths:4 | Noticed Mennas
 62083 | Depths:4 | Killed Mennas
 62083 | Depths:4 | Reached skill level 11 in Armour
 62176 | Depths:4 | Reached XP level 27. HP: 194/323 MP: 26/26
 62582 | Depths:4 | Identified the +8 great mace of Rote Was {freeze, Int+7} (You took it off a deep elf mage on level 4 of the Depths)
 62671 | Depths:5 | Entered Level 5 of the Depths
 62685 | Depths:5 | Reached skill level 12 in Armour
 63167 | Depths:5 | Reached skill level 13 in Armour
 63746 | Depths:5 | Reached skill level 14 in Armour
 63784 | Depths:5 | Found a gate to the Realm of Zot.
 64281 | D:11     | Noticed Erolcha
 64283 | D:11     | Killed Erolcha
 64368 | Slime:1  | Entered Level 1 of the Pits of Slime
 64846 | Slime:3  | Reached skill level 15 in Armour
 65091 | Slime:5  | Entered Level 5 of the Pits of Slime
 65180 | Slime:5  | Noticed the Royal Jelly
 65579 | Slime:5  | Found a viscous altar of Jiyva.
 65616 | Slime:5  | Killed the Royal Jelly
 65616 | Slime:5  | Reached skill level 16 in Armour
 65685 | Slime:5  | Got a scintillating wooden ring
 65688 | Slime:5  | Identified the ring of the King {*Confuse rPois MR+ Slay+3} (You found it on level 5 of the Pits of Slime)
 65708 | Slime:5  | Got a clouded granite ring
 65709 | Slime:5  | Identified the ring of Fymig {rCorr *Drain rPois rN+ MP+9} (You found it on level 5 of the Pits of Slime)
 65746 | Slime:5  | Got a slimy rune of Zot
 65897 | Slime:3  | Noticed Donald
 65908 | Slime:3  | Killed Donald
 66195 | Vaults:1 | You showed the slimy rune of Zot to enter a treasure trove
 66196 | Trove    | Entered a treasure trove
 66608 | Zot:1    | Entered Level 1 of the Realm of Zot
 66939 | Zot:2    | Reached skill level 17 in Armour
 67749 | Zot:2    | Reached skill level 20 in Throwing
 68592 | Zot:3    | Reached skill level 21 in Throwing
 69612 | Zot:5    | Entered Level 5 of the Realm of Zot
 70086 | Zot:1    | Reached skill level 22 in Throwing
 70562 | Depths:4 | Voluntarily entered the Abyss.
 70863 | Abyss:3  | Got an abyssal rune of Zot
 71122 | Abyss:3  | Found a corrupted altar of Lugonu.
 71164 | Depths:4 | Escaped the Abyss
 71270 | Hell     | Entered the Vestibule of Hell
 71270 | Hell     | Noticed Geryon
 71565 | Hell     | Killed Geryon
 71565 | Hell     | Reached skill level 23 in Throwing
 71810 | Hell     | Found a gateway to the freezing wastes of Cocytus.
 71872 | Hell     | Found a gateway to the ashen valley of Gehenna.
 72024 | Hell     | Found a gateway to the decaying netherworld of Tartarus.
 72207 | Hell     | Found a gateway to the Iron City of Dis.
 72346 | Pan      | Entered Pandemonium
 72395 | Pan      | Noticed Pubyneuxt the pandemonium lord
 72426 | Pan      | Killed Pubyneuxt the pandemonium lord
 72479 | Pan      | Reached skill level 24 in Throwing
 72740 | Pan      | Got a demonic rune of Zot
 73106 | Pan      | Found an exit through the horrors of the Abyss.
 73667 | Pan      | Found an exit through the horrors of the Abyss.
 73684 | Pan      | Noticed Xudai the pandemonium lord
 73701 | Pan      | Killed Xudai the pandemonium lord
 74168 | Pan      | Reached skill level 25 in Throwing
 74629 | Pan      | Noticed Ufamustie the pandemonium lord
 74646 | Pan      | Killed Ufamustie the pandemonium lord
 75169 | Pan      | Found an exit through the horrors of the Abyss.
 75972 | Pan      | Reached skill level 26 in Throwing
 76193 | Pan      | Noticed Giduer the pandemonium lord
 76556 | Pan      | Gained mutation: Armour fits poorly on your strangely shaped body. [a neqoxec]
 76942 | Pan      | Noticed Wag Gaicu the pandemonium lord
 76951 | Pan      | Paralysed by a giant eyeball for 2 turns
 77256 | Pan      | HP: 20/323 [hellion/damnation (24)]
 77257 | Pan      | HP: 8/323 [hellion/damnation (30)]
 77257 | Pan      | Killed from afar by a soul eater

Vanquished Creatures
  the Royal Jelly (Slime:5)
  Mennas (Depths:4)
  3 pandemonium lords (Pan)
  Boris (Depths:3)
  Sojobo (Depths:4)
  Xtahua (Depths:4)
  Margery (Depths:4)
  Bai Suzhen (Depths:1)
  A Killer Klown (Zot:4)
  Saint Roka (Snake:4)
  2 caustic shrikes
  Geryon (Hell)
  2 curse toes
  5 golden dragons
  A profane servitor (Crypt:3)
  A bone dragon (Abyss:3)
  A Tzitzimitl (Pan)
  2 Brimstone Fiends (Pan)
  Jorgrun (Snake:4)
  Rupert (Lair:4)
  An Ice Fiend (Pan)
  3 liches
  A Hell Sentinel (Pan)
  10 tentacled monstrosities
  6 titans
  4 deep elf blademasters (Elf:3)
  5 Executioners (Pan)
  2 krakens
  15 acid blobs
  A deep elf master archer (Elf:3)
  Frances (D:14)
  A quicksilver dragon (Depths:5)
  A tentacled starspawn (Abyss:3)
  7 ancient champions
  Gastronok (Lair:1)
  4 death cobs
  6 sphinxes
  10 tengu reavers
  The ghost of Etesian the Bludgeoner, an adept CeFi of Okawaru (Shoals:2)
  7 shadow dragons
  11 storm dragons
  Ilsuiw (Shoals:4)
  13 fire giants
  10 azure jellies
  3 blood saints (Pan)
  6 greater nagas (Snake:4)
  3 draconian monks
  Roxanne (Elf:1)
  10 frost giants
  Wiglaf (Crypt:1)
  12 vault wardens
  A ghost moth (Zot:1)
  Donald (Slime:3)
  13 deep elf sorcerers
  4 cacodemons (Pan)
  2 revenants (Crypt:3)
  2 chaos champions (Pan)
  An emperor scorpion (shapeshifter) (Vaults:5)
  2 orc warlords
  2 iron dragons
  Aizul (Snake:1)
  4 draconian knights
  A black sun (Pan)
  A draconian scorcher (Zot:1)
  A draconian zealot (Zot:1)
  2 warmongers (Pan)
  4 draconian shifters
  3 curse skulls
  5 balrugs (Pan)
  7 ghouls
  16 ironheart preservers
  2 war gargoyles
  24 stone giants
  2 spriggan defenders
  The ghost of SataraUzumaki the Warrior, a journeyman MiBe of Trog (Shoals:3)
  2 deep elf elementalists (Elf:3)
  27 very ugly things
  12 reapers
  3 green draconians (Zot:3)
  4 corrupters (Pan)
  6 deep elf demonologists
  6 draconian callers
  7 vampire knights
  8 white draconians
  7 black draconians
  A pale draconian (Depths:5)
  Nessos (Lair:4)
  7 yellow draconians
  6 lorocyprocas
  7 mottled draconians
  8 purple draconians
  4 red draconians
  8 deep elf annihilators
  6 spark wasps
  A spark wasp (shapeshifter) (Vaults:5)
  22 ettins
  4 eidola
  A crystal guardian (Vaults:2)
  11 green deaths
  7 merfolk javelineers
  15 yaktaur captains
  11 blizzard demons
  11 fire dragons
  10 deep elf death magi
  2 death oozes (Slime:5)
  2 minotaurs
  5 merfolk impalers
  8 deep elf high priests
  13 entropy weavers
  Harold (D:10)
  A catoblepas (Lair:6)
  12 jiangshi
  3 rakshasas
  16 ice dragons
  A great orb of eyes (shapeshifter) (Depths:2)
  8 great orbs of eyes
  34 vault guards
  3 hydras
  6 monstrous demonspawn (Pan)
  2 hell beasts
  2 spriggan air magi (Depths:5)
  9 naga warriors
  12 anacondas
  2 merfolk aquamancers (Shoals:4)
  Erolcha (D:11)
  2 merfolk avatars
  4 death knights
  A satyr (Shoals:4)
  5 centaur warriors
  8 dancing weapons
  6 deep troll shamans
  3 tengu warriors
  15 ogre magi
  2 thrashing horrors (Abyss:3)
  9 hell hogs
  The ghost of SataraUzumaki the Unseen, a journeyman SpEn of Dithmenos (Lair:5)
  6 death yaks
  An orc high priest (Orc:1)
  6 spriggan berserkers
  12 vampire magi
  10 deep troll earth magi
  17 naga sharpshooters
  3 shock serpents
  6 spriggans
  13 soul eaters
  A storm dragon zombie (Vaults:4)
  20 large abominations
  28 sun demons
  24 deep elf knights
  A wretched star (Abyss:1)
  2 iron golems (Hell)
  6 wizards
  8 shadow wraiths
  23 skeletal warriors
  9 hell knights
  A giant orange brain (shapeshifter) (Vaults:5)
  2 spatial maelstroms (Abyss:3)
  A golden dragon zombie (Abyss:1)
  9 shadow demons (Pan)
  7 salamander mystics
  2 deep trolls (shapeshifter)
  2 anaconda zombies (Crypt:1)
  5 sea snakes
  A quicksilver dragon simulacrum (Crypt:1)
  5 iron trolls
  3 giant orange brains
  4 infernal demonspawn (Pan)
  A torturous demonspawn (Pan)
  28 deep trolls
  2 unseen horrors
  2 gelid demonspawn (Pan)
  2 putrid demonspawn (Pan)
  7 flayed ghosts
  11 phantasmal warriors
  6 naga ritualists
  15 deep elf archers
  12 orc knights
  18 ironbrand convokers
  5 hill giants
  A golden dragon skeleton (Abyss:3)
  4 small abominations
  A wolf spider zombie (Crypt:3)
  2 fire giant zombies (Crypt:1)
  6 harpies
  10 fauns
  10 necromancers
  A shadow dragon skeleton (Crypt:3)
  An iron dragon zombie (Crypt:1)
  An oklob plant (Lair:2)
  5 wolf spiders
  51 deep elf magi
  41 ugly things
  15 sixfirhies
  13 griffons
  A hornet (Vaults:4)
  7 orc sorcerers
  A worldbinder (Abyss:3)
  10 mana vipers
  An apis zombie (Crypt:2)
  6 shining eyes
  14 moths of wrath
  4 cyclopes
  A salamander (shapeshifter) (Depths:3)
  12 salamanders
  A moth of wrath (shapeshifter) (Vaults:3)
  A mana viper (shapeshifter) (Depths:1)
  A hell hog zombie (Crypt:2)
  6 rust devils
  34 naga magi
  13 manticores
  38 black mambas
  2 ice statues
  2 fire giant skeletons
  Maurice (D:10)
  10 vault sentinels
  2 dire elephant zombies
  3 eyes of devastation
  5 guardian serpents
  23 smoke demons
  An apocalypse crab (Abyss:3)
  A stone giant skeleton (Crypt:3)
  6 elephants
  An iron dragon skeleton (Crypt:1)
  9 sirens
  A black mamba (shapeshifter) (Elf:3)
  6 orange demons (Pan)
  A gargoyle (D:14)
  A shock serpent skeleton (Crypt:2)
  A shock serpent zombie (Crypt:3)
  2 water nymphs (Shoals:4)
  43 yaktaurs
  7 komodo dragons
  12 spiny frogs
  A spiny frog (shapeshifter) (Vaults:1)
  7 hellions (Pan)
  A dire elephant skeleton (Crypt:1)
  2 tormentors (Pan)
  3 efreet
  6 demonic crawlers (Pan)
  A komodo dragon (shapeshifter) (Depths:1)
  3 kobold demonologists
  4 spectral swamp worms (Depths:4)
  4 ice devils
  18 freezing wraiths
  3 rime drakes
  A yaktaur (shapeshifter) (Vaults:5)
  An anaconda simulacrum (Hell)
  5 hydra zombies
  8 hellwings (Pan)
  17 red devils
  3 ancient zymes
  4 tengu conjurers
  22 merfolk
  A red draconian skeleton (Crypt:2)
  A queen bee (shapeshifter) (Vaults:1)
  A green draconian skeleton (Crypt:2)
  4 trolls
  4 jumping spiders
  A catoblepas skeleton (Crypt:1)
  An entropy weaver zombie (Crypt:3)
  A queen bee (Lair:4)
  2 wind drakes (shapeshifter)
  A hexer (Vaults:5)
  A wind drake (Shoals:4)
  A harpy skeleton (D:13)
  A tengu simulacrum (Vaults:3)
  A polar bear (Lair:3)
  15 two-headed ogres
  6 boulder beetles
  3 raiju (Abyss:3)
  A fire dragon zombie (Hell)
  A hydra skeleton (Hell)
  87 slime creatures
  10 snapping turtles
  A fire giant simulacrum (Vaults:4)
  3 wandering mushrooms
  19 blink frogs
  5 air elementals
  26 redbacks
  An ettin skeleton (Crypt:3)
  A redback (shapeshifter) (Depths:2)
  11 vampires
  5 wraiths
  A spriggan (shapeshifter) (Vaults:1)
  2 flying skulls
  4 wyverns
  7 ynoxinuls (Pan)
  28 yaks
  A black mamba skeleton (Crypt:1)
  3 tarantellas
  21 fire elementals
  A human (shapeshifter) (Vaults:5)
  A shadow (D:15)
  11 water elementals
  2 basilisks
  A basilisk (shapeshifter) (Depths:3)
  A hill giant skeleton (Crypt:1)
  18 humans (D:13)
  2 hungry ghosts
  9 chaos spawn (Pan)
  5 steam dragons
  19 neqoxecs
  13 vampire mosquitoes
  8 hippogriffs
  Menkaure (D:5)
  2 yaktaur simulacra
  47 nagas
  A hippogriff (shapeshifter) (Vaults:1)
  4 mottled dragons
  A spatial vortex (Abyss:3)
  A naga (shapeshifter) (Abyss:3)
  7 wargs
  8 hell hounds
  3 soldier ants
  10 water moccasins
  3 spiny frog zombies
  Duvessa (D:5)
  2 giant eyeballs (Depths:4)
  6 porcupines
  A faun skeleton (Crypt:3)
  The ghost of therealpatrickswayze the Chucker, an amateur OgHu (D:3)
  A black bear (D:11)
  A hornet simulacrum (D:15)
  45 orc warriors
  4 phantoms
  An elephant zombie (Crypt:1)
  A manticore zombie (Hell)
  5 sky beasts
  3 starcursed masses (Abyss:1)
  A snapping turtle zombie (Crypt:1)
  9 wasps
  63 ogres
  16 wolves
  7 boggarts
  3 eyes of draining
  11 ice beasts
  3 necrophages
  2 blink frog zombies
  A boggart (shapeshifter) (Vaults:5)
  13 centaurs
  15 crocodiles
  4 big kobolds
  2 elf zombies
  23 giant frogs
  A salamander zombie (Crypt:2)
  3 elf skeletons
  A spiny frog simulacrum (Hell)
  An earth elemental (Elf:3)
  A hell hound skeleton (Crypt:2)
  A wyvern skeleton (Crypt:3)
  8 scorpions
  Dowan (D:5)
  A human simulacrum (Vaults:3)
  27 killer bees
  9 wights
  5 howler monkeys
  13 crimson imps
  4 draconian simulacra (IceCv)
  5 centaur zombies
  A giant frog zombie (D:5)
  10 jellies
  2 quasits (Depths:4)
  5 human zombies
  A giant frog skeleton (D:10)
  7 hounds
  9 orc priests
  4 iron imps
  14 orc wizards
  4 centaur skeletons
  Terence (D:2)
  10 worker ants
  8 iguanas
  3 lightning spires (Abyss:3)
  5 troll simulacra (IceCv)
  3 polar bear simulacra (IceCv)
  A spriggan simulacrum (IceCv)
  A wolf simulacrum (IceCv)
  27 sheep
  An ogre zombie (D:9)
  2 centaur simulacra
  A demigod skeleton (Crypt:3)
  2 hound zombies (D:6)
  A hound skeleton (D:4)
  2 mummies (D:9)
  4 worker ant zombies
  A gnoll (shapeshifter) (Depths:3)
  15 adders
  A howler monkey skeleton (D:6)
  6 naga simulacra (IceCv)
  2 ogre simulacra (IceCv)
  16 river rats
  6 shadow imps
  12 white imps
  An ufetubus (Abyss:3)
  6 oozes
  A worm zombie (Crypt:1)
  4 adder skeletons
  An adder zombie (D:10)
  6 worms
  A ball lightning (D:9)
  4 dart slugs
  8 giant geckos
  73 orcs
  5 giant cockroaches
  10 goblins
  10 hobgoblins
  3 jackals (D:1)
  2 quokkas
  4 ball pythons
  14 bats
  4 giant newts
  A hobgoblin skeleton (Crypt:2)
  17 kobolds
  An orc zombie (D:9)
  16 rats
  A rat zombie (Crypt:3)
  2 crawling corpses (Elf:3)
  A plant (D:11)
  3 tentacles (Shoals:2)
  A tentacle segment (Shoals:4)
2801 creatures vanquished.

Vanquished Creatures (collateral kills)
  An ancient lich (Vaults:5)
  Mara (Snake:2)
  A golden dragon (shapeshifter) (Vaults:5)
  5 tentacled monstrosities
  A titan (Vaults:5)
  3 ancient champions
  An acid blob (Slime:4)
  A death cob (Zot:2)
  2 sphinxes
  A storm dragon (Vaults:5)
  A tengu reaver (Depths:1)
  2 greater nagas (Snake:4)
  3 vault wardens (Vaults:4)
  A frost giant (Vaults:5)
  A deep elf sorcerer (Elf:3)
  3 fire giants
  A revenant (Crypt:3)
  An iron dragon (Depths:4)
  A cacodemon (Pan)
  2 balrugs
  5 very ugly things
  A draconian caller (Depths:5)
  3 stone giants
  An ironheart preserver (Vaults:4)
  A vampire knight (Depths:2)
  A reaper (Pan)
  A green draconian (Zot:2)
  A war gargoyle (Hell)
  A black draconian (Zot:1)
  A deep elf annihilator (Vaults:5)
  A yellow draconian (Zot:3)
  A white draconian (Zot:2)
  A pale draconian (Depths:5)
  A purple draconian (Zot:1)
  5 ettins
  A jiangshi (Crypt:3)
  A green death (Pan)
  A merfolk javelineer (Shoals:4)
  2 merfolk impalers
  A fire dragon (Zot:2)
  A vault guard (Vaults:4)
  3 yaktaur captains
  A hydra (Lair:5)
  3 ice dragons
  A naga warrior (Snake:3)
  2 centaur warriors
  2 deep troll shamans
  A death yak (Lair:5)
  5 ogre magi
  3 merfolk aquamancers (Shoals:4)
  A vampire mage (Crypt:1)
  2 hell knights (Depths:4)
  A hell hog (Abyss:3)
  2 soul eaters
  A spriggan berserker (Depths:1)
  2 sun demons (Pan)
  A titan skeleton (Crypt:1)
  2 deep elf knights
  2 fire crabs
  8 skeletal warriors
  3 shadow wraiths
  2 infernal demonspawn (Pan)
  A gelid demonspawn (Pan)
  3 deep trolls
  A sea snake (Shoals:4)
  A flayed ghost (Vaults:2)
  2 wizards
  6 deep elf archers
  3 orc knights
  An ironbrand convoker (Vaults:5)
  2 harpies (Shoals:4)
  A phantasmal warrior (Vaults:5)
  16 deep elf magi
  A griffon (Lair:5)
  A necromancer (Crypt:1)
  3 orc sorcerers
  4 ugly things
  A cyclops (D:13)
  2 salamanders
  A moth of wrath (Zot:3)
  6 fauns
  2 hornets
  A water nymph (Shoals:4)
  An elephant (Lair:3)
  4 sirens
  A guardian serpent (Snake:4)
  5 naga magi
  A black mamba (Snake:3)
  4 vault sentinels
  A spectral swamp worm (Depths:4)
  2 smoke demons (Pan)
  A freezing wraith (IceCv)
  A hellion (Pan)
  11 yaktaurs
  A demonic crawler (Pan)
  3 red devils
  A tengu conjurer (Depths:1)
  An ice devil (Pan)
  A jumping spider (Depths:4)
  2 trolls
  10 merfolk
  6 two-headed ogres
  5 blink frogs
  A boulder beetle (Vaults:3)
  A snapping turtle (Shoals:4)
  9 slime creatures
  10 redbacks
  A flying skull (Crypt:1)
  5 water elementals (Shoals:4)
  An air elemental (Elf:1)
  A wyvern (D:11)
  3 wraiths
  A tarantella (Depths:2)
  2 yaks
  5 fire elementals (Zot:3)
  Grum (Lair:1)
  A chaos spawn (Pan)
  A neqoxec (Pan)
  A hungry ghost (D:14)
  A hippogriff (Lair:6)
  2 vampire mosquitoes
  4 nagas
  A mottled dragon (Depths:5)
  2 hell hounds (Hell)
  A water moccasin (Lair:4)
  A porcupine (Lair:3)
  An ice beast (IceCv)
  6 orc warriors
  An eye of draining (Slime:4)
  An ettin simulacrum (Crypt:1)
  4 ogres
  A large abomination (Pan)
  5 centaurs
  A wolf (Lair:1)
  An earth elemental (Elf:1)
  A giant frog (Lair:3)
  A spiny frog simulacrum (Crypt:1)
  A troll zombie (D:9)
  7 killer bees (Lair:4)
  A wight (D:11)
  2 electric eels (Lair:2)
  An orc wizard (D:11)
  A troll simulacrum (IceCv)
  5 sheep
  An ogre skeleton (Crypt:1)
  A worker ant zombie (D:11)
  2 river rats
  A shadow imp (D:11)
  4 white imps
  11 orcs
  4 bats (D:11)
  4 rats (D:11)
  A river rat zombie (Crypt:3)
  A crawling corpse (Elf:3)
  3 tentacles
364 creatures vanquished.

Vanquished Creatures (others)
  A fire giant (Vaults:5)
  A draconian knight (Zot:1)
  A war gargoyle (Vaults:5)
  A deep elf elementalist (Vaults:5)
  A white draconian (Zot:2)
  A blizzard demon (Abyss:3)
  A hydra (Lair:6)
  An ogre mage (Vaults:3)
  A vampire mage (Depths:4)
  A hell hog (Hell)
  A deep elf knight (Elf:2)
  An unseen horror (Vaults:1)
  A shadow wraith (Vaults:4)
  A phantasmal warrior (Depths:4)
  A deep elf mage (Vaults:4)
  A necromancer (Hell)
  An ugly thing (Depths:1)
  A black mamba (Snake:2)
  A large abomination (Abyss:3)
  A naga (Snake:4)
  A wolf (D:11)
  96 hexers
  6 ancestors
  A white imp (Abyss:3)
  22 fungi
  4 lost souls
  36 plants
  18 tentacles
  714 tentacle segments
918 creatures vanquished.

Grand Total: 4083 creatures vanquished
